 Dungeon Crawl Stone Soup version 0.28-a0-1236-gb25a51b929 (webtiles) character file.

Game seed: 15094978467841040100

697 funkygono the Firebug (level 7, -2/50 HPs)
             Began as a Pale Draconian Fire Elementalist on Dec 25, 2021.
             Was an Initiate of Vehumet.
             Slain by Pikel (17 damage)
             ... on level 5 of the Dungeon.
             The game lasted 00:11:57 (6143 turns).

funkygono the Firebug (DrFE)                        Turns: 6143, Time: 00:11:58

Health: -2/50      AC:  8    Str: 10    XL:     7   Next: 38%
Magic:  2/14       EV: 12    Int: 18    God:    Vehumet [......]
Gold:   122        SH:  0    Dex: 11    Spells: 5/15 levels left

rFire   + . .      SeeInvis .   d - +1 mace (protect)
rCold   . . .      Faith    .   (no shield)
rNeg    + . .      Spirit   .   (armour unavailable)
rPois   .          Reflect  .   e - +2 hat
rElec   .          Harm     .   (no cloak)
rCorr   .          Rampage  .   (no gloves)
Will    .....                   (no boots)
Stlth   ++........              (no amulet)
HPRegen 0.16/turn               b - ring of protection from fire
MPRegen 0.14/turn               l - ring of positive energy

@: no status effects
A: breathe steam, AC +6, unfitting armour, cold-blooded, steam resistance
a: Breathe Steam, Renounce Religion


You were on level 5 of the Dungeon.
You worshipped Vehumet.
Vehumet was noncommittal.
You visited 2 branches of the dungeon, and saw 6 of its levels.

You collected 222 gold pieces.
You spent 100 gold pieces at shops.

Inventory:

Hand Weapons
 a - a +1 short sword of draining
 d - a +1 mace of protection (weapon)
 h - a +0 dagger of freezing
 n - a +0 whip
Missiles
 i - 127 stones
Armour
 e - a +2 hat (worn)
 r - a +0 tower shield
Jewellery
 b - a ring of protection from fire (left hand)
 l - a ring of positive energy (right hand)
Wands
 m - a wand of polymorph (1)
 s - a wand of digging (3)
 v - a wand of iceblast (10)
Scrolls
 t - a scroll of torment {unknown}
 w - a scroll of teleportation
 x - a scroll of blinking
Potions
 c - 3 potions of curing
 f - 2 potions of heal wounds
 g - a potion of haste
 j - a potion of cancellation {unknown}
 k - a potion of degeneration {unknown}
 o - a potion of might {unknown}
 p - 2 potions of attraction {unknown}
 q - 2 potions of lignification {unknown}
 u - a potion of resistance {unknown}


   Skills:
 + Level 0.1 Fighting
 + Level 0.3 Maces & Flails
 + Level 2.1 Dodging
 - Level 1.7 Stealth
 * Level 4.9 Spellcasting
 * Level 3.8 Conjurations
 * Level 6.3 Fire Magic


You had 5 spell levels left.
You knew the following spells:

 Your Spells              Type           Power      Damage    Failure   Level
a - Foxfire               Conj/Fire      88%        2x1d8     1%          1
b - Scorch                Fire           54%        2d8       1%          2
c - Conjure Flame         Conj/Fire      22%        6-21      4%          3
d - Flame Wave            Conj/Fire      22%        2d6       17%         4

Your spell library contained the following spells:

 Spells                   Type           Power      Damage    Failure   Level
 Inner Flame              Hex/Fire       15%        N/A       11%         3
 Frozen Ramparts          Ice            8%         1d2       38%         3
 Ice Form                 Ice/Tmut       4%         N/A       80%         4
 Summon Ice Beast         Ice/Summ       4%         N/A       80%         4


Dungeon Overview and Level Annotations

Branches:
Dungeon (5/15)             Temple (1/1) D:5

Altars:
Cheibriados
Elyvilon
Fedhas
Gozag
Hepliaklqana
Makhleb
Nemelex Xobeh
Okawaru
Qazlal
Ru
Trog
Uskayaw
Vehumet
Yredelemnul
Zin

Shops:
D:4 !

Annotations:
D:4 3 runed translucent doors, HoaS's ghost, amateur GrGl
D:5 Pikel


Innate Abilities, Weirdness & Mutations

You can breathe blasts of scalding, opaque steam.
Your pale cyan-grey scales are hard. (AC +6)
You cannot fit into any form of body armour.
You are cold-blooded and may be slowed by cold attacks.
You are immune to the effects of steam.


Message History

That felt strangely unrewarding.
The flame wave engulfs Pikel!
Pikel is heavily wounded.
The flame wave engulfs the lemure but does no damage.
The lemure is moderately wounded.
The flame wave engulfs the lemure.
The lemure is heavily wounded.
You finish channelling waves of flame.
The lemure misses you. Pikel misses you. The lemure barely misses you.
Casting: Flame Wave (quite dangerous; 17% risk of failure)
Confirm with . or Enter, or press ? or * to list all spells.
The spell is quite dangerous to miscast (17% risk of failure)!
Continue anyway?
Casting: Flame Wave (quite dangerous; 17% risk of failure)
Press: ? - help, Dir - look around, f - activate A wave of flame ripples out!
The flame wave engulfs Pikel.
Pikel is heavily wounded.
The flame wave engulfs the lemure.
The lemure is heavily wounded.
The flame wave engulfs the lemure!
The lemure is almost dead. (Press . to intensify the flame waves.)
The lemure hits you but does no damage. Pikel barely misses you.
The lemure hits you.
A wave of flame ripples out!
The flame wave engulfs Pikel but does no damage.
Pikel is heavily wounded.
The flame wave engulfs the lemure.
The lemure is severely wounded.
The flame wave engulfs the lemure.
You kill the lemure!
That felt strangely unrewarding.
The lemure closely misses you.
Pikel hits you with a +1 whip of electrocution.
A wave of flame ripples out!
The flame wave engulfs Pikel.
Pikel is severely wounded.
The flame wave engulfs the lemure!
The lemure is almost dead.
You finish channelling waves of flame.
The lemure completely misses you.
Pikel hits you with a +1 whip of electrocution.
* * * LOW HITPOINT WARNING * * *
You are electrocuted!
You die...

.##...##.##.#### #..........
..)......##.# #####......####
..)))..####.# #......###....#
####........#######.##...#......#
##.#######.......[##...#......#
#...#.......#............._....
#...#.####..#.##...##.#5.....#.
#...#.####..#..#...##.#......#.
#............K@5......#....###.
###...#.##....#..#.#.#..####.....
..........)........#.#...........
>.............#..........5.#.##.#
............####.#####.......##.#
#.#....####.# #.# #.....####.#
#.#......)..####.# ###....# #..
#.#....#######...# ###≈≈...# ###
#.#....# #.### #..♣≈...##


You could see Pikel and a lemure.

Vanquished Creatures
  A sky beast (D:3)
  3 lemures (D:5)
  A phantom (D:4)
  A scorpion (D:3)
  2 jellies
  A hound (D:4)
  An orc priest (D:5)
  Ijyb (D:5)
  3 iguanas
  2 orc wizards
  A hound skeleton (D:4)
  A howler monkey zombie (D:5)
  4 adders
  6 gnolls (D:3)
  An adder skeleton (D:4)
  10 orcs
  5 bats
  4 endoplasms
  9 goblins
  4 hobgoblins
  14 kobolds
  4 quokkas
  6 ball pythons
  5 frilled lizards
  3 rats
93 creatures vanquished.

Vanquished Creatures (collateral kills)
  A foxfire (D:5)
1 creature vanquished.

Vanquished Creatures (others)
  304 foxfires
  A fungus (D:3)
305 creatures vanquished.

Grand Total: 399 creatures vanquished

Notes
Turn   | Place    | Note
-------+----------+-------------------------------------------
     0 | D:1      | funkygono the Draconian Fire Elementalist began the quest
                  | for the Orb.
     0 | D:1      | Reached XP level 1. HP: 14/14 MP: 3/3
   396 | D:1      | Reached XP level 2. HP: 20/20 MP: 3/5
   399 | D:1      | Learned a level 2 spell: Scorch
  1340 | D:2      | Reached XP level 3. HP: 26/26 MP: 3/6
  2395 | D:2      | Learned a level 3 spell: Conjure Flame
  2454 | D:3      | Found a stormy altar of Qazlal.
  2454 | D:3      | Found a sacrificial altar of Ru.
  2587 | D:3      | Reached XP level 4. HP: 33/33 MP: 3/7
  2746 | D:3      | Reached skill level 4 in Fire Magic
  2972 | D:3      | Noticed a sky beast
  2985 | D:3      | Killed a sky beast
  2986 | D:3      | Reached XP level 5. HP: 29/38 MP: 1/10
  2991 | D:3      | Learned a level 4 spell: Flame Wave
  3078 | D:3      | Found a faded altar of an unknown god.
  3406 | D:3      | Reached XP level 6. HP: 45/45 MP: 4/11
  3605 | D:3      | Found a white marble altar of Elyvilon.
  3972 | D:4      | Found a runed translucent gate.
  3973 | D:4      | Found a runed translucent gate.
  3973 | D:4      | Found an opulent altar of Gozag.
  3974 | D:4      | Found a runed translucent gate.
  3978 | D:4      | Noticed HoaS's ghost (amateur GrGl)
  4410 | D:4      | Reached skill level 5 in Fire Magic
  4448 | D:4      | Found Neomy's Distillery.
  4460 | D:4      | Bought a potion of heal wounds for 50 gold pieces
  4460 | D:4      | Bought a potion of heal wounds for 50 gold pieces
  4468 | D:4      | Your scales start taking on a pale cyan-grey colour.
  4468 | D:4      | Reached XP level 7. HP: 50/50 MP: 6/13
  4468 | D:4      | Gained mutation: You are immune to the effects of steam.
                  | [Pale Draconian growth]
  4846 | D:5      | Entered Level 5 of the Dungeon
  4860 | D:5      | Reached skill level 6 in Fire Magic
  5003 | D:5      | Found a staircase to the Ecumenical Temple.
  5055 | Temple   | Entered the Ecumenical Temple
  5065 | Temple   | Became a worshipper of Vehumet
  5293 | D:5      | Found an iron altar of Okawaru.
  5437 | D:5      | Noticed Ijyb
  5444 | D:5      | Killed Ijyb
  5536 | D:5      | Found a blossoming altar of Fedhas.
  5745 | D:5      | Identified the +11 short sword of Change {elec, rElec rPois
                  | Int+6 Dex-5}
  5821 | D:5      | Noticed Pikel
  6143 | D:5      | Slain by Pikel

Illustrated notes

Levels and vault maps discovered:
D:1:      dpeg_arrival_chambers_temple_mockup, layout_basic,
          supply_closet_lemuel
D:2:      minmay_alternating_diamond, layout_rooms, serial_co_window_serial,
          co_window_paths_a, co_window_corner_a, co_window_of_opportunity_a,
          co_window_of_opportunity_a, co_window_cross_1, co_window_paths_b,
          co_window_paths_a, co_window_corner_a, co_window_cross_1,
          co_window_broadway_a, co_window_corner_b, glass_columns_b,
          glass_columns_b, glass_columns_b, glass_columns_c, glass_columns_a
D:3:      layout_loops_ring, chequers_temple_overflow_statue_of_worship,
          elyvilon_altar_4, shapermc_ecumenical_altar_mp_urbaneastern,
          hangedman_abyss_or_decor_stabs, minivault_5
D:4:      layout_gridville, ebering_ghost_gozag, serial_shops,
          nicolae_shop_stone
D:5:      layout_loops_cross, okawaru_gym_becter,
          nicolae_overflow_crystal_walls, minmay_temple_entry_proselytizer,
          serial_bayou_ford_a, uniq_pikel, uniq_ijyb
Temple:   compressed_dpeg_triangle_lava_temple

Skill      XL: |  1  2  3  4  5  6  7 |
---------------+----------------------+-----
Conjurations   | 2 3 |  3.8
Fire Magic     | 4 5 6 |  6.3
Spellcasting   | 3 4 |  4.9
Dodging        | 2 |  2.1
Fighting       | |  0.1
Maces & Flails | |  0.3
Stealth        | |  1.7

Action                   |  1- 3 |  4- 6 |  7- 9 || total
-------------------------+-------+-------+-------++-------
Melee: Mace              |     2 |    11 |     2 ||    15
       Tailslap          |     1 |     1 |     1 ||     3
 Cast: Foxfire           |    72 |    67 |    39 ||   178
       Scorch            |     2 |    15 |    12 ||    29
       Flame Wave        |       |       |     3 ||     3
  Use: Scroll            |     2 |     4 |       ||     6
       Potion            |       |       |     1 ||     1
Armor: Skin              |       |     7 |     7 ||    14
Dodge: Dodged            |     2 |    19 |    22 ||    43

Table legend: (Time is in decaauts)
 A = Elapsed time spent in this place.
 B = Non-inter-level travel time spent in this place.
 C = Inter-level travel time spent in this place.
 D = Time resting spent in this place.
 E = Time spent auto-exploring this place.
 F = Levels seen in this place.
 G = Mean time per level.
                   A        B        C        D        E       F      G
               +--------+--------+--------+--------+--------+-----+--------+
         Total |   6153 |   5930 |    223 |     81 |   5002 |   6 | 1025.5 |
       Dungeon |   5930 |   5724 |    206 |     81 |   4810 |   5 | 1186.0 |
        Temple |    222 |    206 |     16 |      0 |    192 |   1 |  222.0 |
               +--------+--------+--------+--------+--------+-----+--------+

Top non-repeatable levels by time:
     D:4: 1366 daAuts
     D:1: 1305 daAuts
     D:3: 1256 daAuts
     D:2: 1168 daAuts
     D:5: 833 daAuts
  Temple: 222 daAuts
